AoeStats
← NPG | Shimishi Maki

Arabia

508311504Analyzed
4v4 RM · 10d ago on Sep 21, 2026· 51m 38s· 8 players
Game mode
Random Map
Map size
Large (8 player)
Population
200
Speed
Normal
Resources
Standard
Victory
Conquest
Starting age
Dark Age
Ending age
Imperial Age
RankedLock teamsTeams togetherTeam positionsShared explorationLock speedFull tech treeHidden civsTurbo modeCheats
Victory
Defeat
🇨🇱 Vikings · Chile
1687
+17
🇨🇱 Slavs · Chile
1663
+18
🇨🇱 Khitans · Chile
1582
+21
🇨🇱 Portuguese · Chile
1534
+23
🇦🇷 Goths · Argentina
1919
-27
🇺🇸 Bohemians · United States
1676
-19
🇪🇸 Turks · Spain
1661
-18
🇨🇴 Sicilians · Colombia
1576
-15
AutoClickerv3
7:01 Loom
9:11 Feudal Age
10:10 Double-Bit Axe
16:49 Forging
16:44 Scale Barding Armor
19:41 Bloodlines
26:00 Castle Age
26:42 Husbandry
27:20 Iron Casting
27:05 Chain Barding Armor
40:27 Wheelbarrow
42:11 Town Watch
42:27 Horse Collar
43:47 Hand Cart
43:35 Stone Mining
46:49 Bow Saw
50:09 Imperial Age
48:04 Heavy Plow
50:10 Heavy Camel Rider
51:27 Plate Barding Armor
51:53 Blast Furnace
51:16 Conscription
jmolinao
6:01 Loom
9:22 Feudal Age
10:10 Double-Bit Axe
16:07 Fletching
22:01 Horse Collar
25:31 Castle Age
24:32 Padded Archer Armor
24:47 Gold Mining
25:36 Crossbowman
26:28 Bodkin Arrow
31:19 Ballistics
34:30 Wheelbarrow
35:48 Town Watch
39:07 Leather Archer Armor
43:50 Imperial Age
41:36 Scale Mail Armor
42:26 Gold Shaft Mining
42:55 Chain Mail Armor
42:50 Forging
43:49 Squires
43:34 Arson
44:26 Bow Saw
44:33 Hand Cart
45:05 Plate Mail Armor
45:06 Conscription
46:29 Iron Casting
45:41 Gambesons
48:26 Blast Furnace
46:49 Pikeman
47:38 Halberdier
48:23 Murder Holes
Ohlan100
6:35 Loom
9:55 Feudal Age
10:24 Double-Bit Axe
14:52 Horse Collar
18:16 Scale Barding Armor
18:59 Forging
19:40 Town Watch
24:42 Wheelbarrow
27:53 Castle Age
28:57 Bow Saw
28:52 Heavy Plow
37:24 Ballistics
37:05 Fletching
41:10 Imperial Age
40:52 Chemistry
43:38 Bodkin Arrow
46:06 Elite Hussite Wagon
46:53 Wagenburg Tactics
48:12 Conscription
49:21 Siege Engineers
50:07 Padded Archer Armor
Gary_zZ
0:46 Loom
9:40 Feudal Age
9:45 Man-at-Arms
10:13 Double-Bit Axe
17:43 Town Watch
20:39 Castle Age
18:32 Horse Collar
20:29 Gold Mining
21:33 Bow Saw
21:24 Squires
21:27 Heavy Plow
22:14 Scale Mail Armor
23:51 Chain Mail Armor
25:56 Forging
31:28 Wheelbarrow
37:55 Imperial Age
36:39 Iron Casting
35:41 Pikeman
38:06 Anarchy
38:00 Halberdier
39:57 Chemistry
39:32 Conscription
39:48 Padded Archer Armor
41:55 Leather Archer Armor
44:27 Ring Archer Armor
44:57 Blast Furnace
50:28 Two-Man Saw
51:04 Hand Cart
NPG | FishCL
6:40 Loom
9:24 Feudal Age
9:53 Double-Bit Axe
9:51 Domestication
17:31 Forging
19:17 Scale Barding Armor
23:03 Castle Age
23:07 Light Cavalry
23:47 Husbandry
24:08 Chain Barding Armor
25:09 Iron Casting
28:19 Town Watch
29:18 Wheelbarrow
32:56 Gold Mining
33:19 Fletching
38:49 Bodkin Arrow
41:51 Imperial Age
41:06 Padded Archer Armor
41:28 Ballistics
42:35 Bracer
43:36 Chemistry
43:58 Leather Archer Armor
44:27 Stone Mining
45:22 Bow Saw
44:43 Heavy Cavalry Archer
45:57 Parthian Tactics
45:38 Thumb Ring
48:00 Conscription
49:11 Hussar
52:32 Plate Barding Armor
Dkastro
6:03 Loom
8:49 Feudal Age
9:17 Double-Bit Axe
9:13 Horse Collar
18:27 Wheelbarrow
18:30 Scale Barding Armor
20:00 Wheelbarrow
21:42 Castle Age
21:09 Gold Mining
21:41 Bloodlines
22:34 Wheelbarrow
23:01 Chain Barding Armor
23:57 Husbandry
25:00 Bow Saw
26:34 Heavy Plow
27:19 Forging
32:57 Town Watch
34:05 Iron Casting
36:16 Stone Mining
39:16 Imperial Age
38:59 Hand Cart
39:17 Detinets
39:43 Cavalier
40:59 Plate Barding Armor
42:25 Conscription
41:26 Elite Boyar
43:38 Crop Rotation
44:03 Ballistics
44:43 Chemistry
43:36 Fletching
44:48 Blast Furnace
44:41 Bodkin Arrow
46:23 Two-Man Saw
46:04 Coinage
45:28 Pikeman
46:08 Squires
47:19 Gold Shaft Mining
48:01 Banking
47:32 Light Cavalry
51:20 Caravan
BrøweN
7:14 Loom
9:54 Feudal Age
10:37 Double-Bit Axe
25:22 Castle Age
24:46 Gold Mining
25:26 Padded Archer Armor
25:17 Fletching
25:41 Padded Archer Armor
25:30 Crossbowman
36:23 Bodkin Arrow
47:34 Bow Saw
50:26 Imperial Age
49:39 Ballistics
50:38 Arbalester
51:23 Bracer
52:41 Chemistry
NPG | Shimishi Maki
6:39 Loom
9:15 Feudal Age
13:03 Fletching
17:38 Double-Bit Axe
22:56 Castle Age
21:32 Horse Collar
21:43 Gold Mining
22:59 Crossbowman
23:35 Bodkin Arrow
23:51 Bow Saw
25:54 Ballistics
28:24 Town Watch
30:00 Stone Mining
36:23 Imperial Age
35:59 Gold Shaft Mining
36:09 Scale Mail Armor
36:11 Squires
35:56 Arson
37:11 Chain Mail Armor
37:07 Forging
37:25 Elite Berserk
39:08 Plate Mail Armor
38:40 Capped Ram
39:34 Forging
39:13 Treadmill Crane
40:54 Masonry
41:10 Conscription
41:00 Heavy Plow
42:41 Iron Casting
42:09 Bracer
42:28 Siege Ram
43:48 Architecture
44:58 Blast Furnace
45:06 Coinage
45:51 Padded Archer Armor
46:58 Caravan
48:13 Leather Archer Armor
47:20 Elite Skirmisher
48:09 Onager
49:35 Ring Archer Armor
50:02 Banking
50:04 Siege Engineers
Connection lost

Rejoining the realm…

Still unreachable

The connection could not be restored.

Session expired

The server has moved on; the page needs a fresh start.